 Dungeon Crawl Stone Soup version 0.29-a0-609-gb56f46d856 (webtiles) character file.

Game seed: 18326620122088437021

4975 Nedwor the Basher (level 10, -12/88 HPs)
             Began as a Minotaur Monk on June 15, 2022.
             Was a Believer of the Shining One.
             Mangled by a two-headed ogre
             ... wielding a +0 giant spiked club
              (18 damage)
             ... on level 8 of the Dungeon on June 16, 2022.
             The game lasted 00:15:04 (9947 turns).

Nedwor the Basher (Minotaur Monk)                   Turns: 9947, Time: 00:15:04

Health: -12/88     AC: 14    Str: 20    XL:     10   Next: 29%
Magic:  11/11      EV:  9    Int:  7    God:    the Shining One [**....]
Gold:   368        SH: 10    Dex: 13    Spells: 9/9 levels left

rFire   . . .      SeeInvis .   a - +0 mace
rCold   . . .      Faith    .   l - +0 kite shield
rNeg    + . .      Spirit   .   t - +0 chain mail
rPois   +          Reflect  .   (helmet restricted)
rElec   .          Harm     .   s - +0 cloak
rCorr   .          Rampage  .   u - +0 pair of gloves
Will    .....                   i - +0 pair of boots
Stlth   ..........              v - amulet of regeneration
HPRegen 1.04/turn               h - ring of poison resistance
MPRegen 0.12/turn               (no ring)

@: glowing
A: horns 2, retaliatory headbutt
a: Renounce Religion, Divine Shield


You were on level 8 of the Dungeon.
You worshipped the Shining One.
The Shining One was pleased with you.
You visited 2 branches of the dungeon, and saw 9 of its levels.
You also visited: Sewer.

You collected 368 gold pieces.

Inventory:

Hand Weapons
 a - a +0 mace (weapon)
Armour
 i - a +0 pair of boots (worn)
 l - a +0 kite shield (worn)
 s - a +0 cloak (worn)
 t - a +0 chain mail (worn)
 u - a +0 pair of gloves (worn)
Jewellery
 h - a ring of poison resistance (left hand)
 v - an amulet of regeneration (around neck)
Wands
 o - a wand of polymorph (9)
 r - a wand of flame (18)
Scrolls
 b - a scroll of enchant weapon
 d - a scroll of amnesia
 f - 4 scrolls of teleportation
 j - 2 scrolls of blinking
 n - 2 scrolls of identify
 w - a scroll of enchant armour
Potions
 e - 2 potions of flight
 g - 4 potions of curing
 k - 3 potions of heal wounds
 q - a potion of brilliance


   Skills:
 + Level 8.1 Fighting
 * Level 11.0 Maces & Flails
 + Level 7.2 Armour
 + Level 7.5 Dodging
 - Level 1.5 Stealth
 + Level 6.8 Shields
 + Level 2.9 Invocations


You had 9 spell levels left.
You didn't know any spells.
Your spell library contained the following spells:

 Spells                   Type           Power      Damage    Failure   Level
 Shock                    Conj/Air       0%         1d3       100%        1
 Swiftness                Air            0%         N/A       100%        3
 Airstrike                Air            0%         N/A       100%        4


Dungeon Overview and Level Annotations

Branches:
Dungeon (8/15)             Temple (1/1) D:6           Sewer (visited)
   Lair: D:8-11

Altars:
Ashenzari
Cheibriados
Dithmenos
Elyvilon
Fedhas
Hepliaklqana
Kikubaaqudgha
Makhleb
Nemelex Xobeh
Okawaru
Qazlal
Ru
Sif Muna
Trog
Uskayaw
Wu Jian
Xom
Yredelemnul
The Shining One

Shops:
D:3 :   D:8 [


Innate Abilities, Weirdness & Mutations

You have a pair of horns on your head.
You reflexively headbutt those who attack you in melee.


Message History

You block the wyvern's attack.
A two-headed ogre comes into view.
It is wielding two +0 giant spiked clubs.
The two-headed ogre shouts in stereo!
You hit the wyvern.
The wyvern is moderately wounded.
The wyvern bites you! The wyvern bites you.
You hit the wyvern.
The wyvern is moderately wounded.
You block the wyvern's attack. The elephant closely misses you.
The elephant trunk-slaps you but does no damage.
You hit the wyvern. You headbutt the wyvern.
The wyvern is severely wounded.
You block the wyvern's attack. x2
The elephant tramples you but does no damage.
The elephant trunk-slaps you but does no damage.
You hit the wyvern.
You headbutt the wyvern, but do no damage.
The wyvern is almost dead.
You block the wyvern's attack. The elephant tramples you.
You hold your ground!
The elephant trunk-slaps you but does no damage.
You barely miss the wyvern.
The wyvern is almost dead.
The wyvern bites you! The wyvern bites you. You block the elephant's attack.
The elephant trunk-slaps you but does no damage.
You sock the wyvern!
You kill the wyvern!
The elephant closely misses you. You block the elephant's attack.
You barely miss the two-headed ogre.
The two-headed ogre hits you with a +0 giant spiked club!!
The two-headed ogre barely misses you. You block the elephant's attack. x2
You thump the two-headed ogre!
The two-headed ogre is lightly wounded.
The elephant tramples you.
You hold your ground!
The elephant trunk-slaps you but does no damage.
You hit the two-headed ogre.
The two-headed ogre is moderately wounded.
The two-headed ogre hits you with a +0 giant spiked club!!
* * * LOW HITPOINT WARNING * * *
The two-headed ogre hits you with a +0 giant spiked club!!
You die...

#.# #.#### #.##..
#.##.# #.##[# .
######.##.## # .P
#..........# .#...
#.###..Y#..#<.....
#...@Ol........
##...#h##.!....
##.##.........
#.#####...... #.#
##..P #+# .


You could see an elephant, a two-headed ogre, a basilisk and a black bear.

Vanquished Creatures
  Erica (D:8)
  A two-headed ogre (D:6)
  Grinder (D:6)
  A troll (D:6)
  A hornet (D:8)
  The ghost of KateP the Conjurer, an amateur DECj (D:4)
  2 wyverns (D:8)
  Menkaure (D:5)
  2 water moccasins
  A black bear (D:7)
  3 sky beasts
  2 ogres
  2 centaurs (D:7)
  2 phantoms
  8 bullfrogs
  A gnoll sergeant (D:8)
  2 scorpions (D:6)
  2 howler monkeys (D:7)
  3 hounds
  A gnoll shaman (D:7)
  A centaur skeleton (D:4)
  Crazy Yiuf (D:3)
  3 orc priests (D:5)
  A bullfrog skeleton (D:4)
  6 iguanas
  2 orc wizards
  11 adders
  8 gnolls
  3 shadow imps
  2 ufetubi
  4 worms
  3 dart slugs
  20 orcs
  9 ball pythons
  7 endoplasms
  6 giant cockroaches
  8 goblins
  6 hobgoblins
  2 jackals (D:1)
  10 quokkas
  7 bats
  8 frilled lizards
  9 kobolds
  4 rats
  A bush (D:3)
180 creatures vanquished.

Vanquished Creatures (others)
  2 fungi (D:3)
  2 plants (D:8)
4 creatures vanquished.

Grand Total: 184 creatures vanquished

Notes
Turn   | Place    | Note
-------+----------+-------------------------------------------
     0 | D:1      | Nedwor the Minotaur Monk began the quest for the Orb.
     0 | D:1      | Reached XP level 1. HP: 19/19 MP: 0/0
   359 | D:1      | Reached XP level 2. HP: 27/27 MP: 1/1
   362 | D:1      | Reached skill level 4 in Maces & Flails
   548 | D:1      | Reached skill level 1 in Armour
   933 | D:1      | Reached XP level 3. HP: 14/33 MP: 2/2
  1893 | D:2      | Reached XP level 4. HP: 32/40 MP: 3/3
  2947 | D:3      | Found Wahupn's Book Boutique.
  3247 | D:3      | Found a runed translucent door.
  3248 | D:3      | Noticed Crazy Yiuf
  3257 | D:3      | Killed Crazy Yiuf
  3258 | D:3      | Reached skill level 5 in Maces & Flails
  3258 | D:3      | Reached skill level 1 in Shields
  3560 | D:4      | Noticed a sky beast
  3566 | D:4      | Killed a sky beast
  3567 | D:4      | Reached XP level 5. HP: 28/47 MP: 4/4
  3742 | D:4      | Reached XP level 6. HP: 51/53 MP: 5/5
  3785 | D:4      | Reached skill level 6 in Maces & Flails
  4054 | D:4      | Found an ancient bone altar of Kikubaaqudgha.
  4163 | D:4      | Reached skill level 5 in Fighting
  4365 | D:4      | Reached XP level 7. HP: 8/61 MP: 6/6
  4716 | D:4      | Found a runed translucent gate.
  4716 | D:4      | Found a runed translucent gate.
  4717 | D:4      | Found a runed translucent gate.
  4718 | D:4      | Noticed KateP's ghost (amateur DECj)
  4841 | D:4      | Upgraded the game from 0.29-a0-584-gb10a8bf730 to
                  | 0.29-a0-609-gb56f46d856
  5269 | D:4      | Killed KateP's ghost
  5270 | D:4      | Reached skill level 7 in Maces & Flails
  5270 | D:4      | Reached skill level 5 in Dodging
  5436 | D:5      | Entered Level 5 of the Dungeon
  5465 | D:5      | Noticed Menkaure
  5475 | D:5      | Killed Menkaure
  5542 | D:5      | Found a glowing drain.
  5560 | Sewer    | Entered a sewer
  5733 | Sewer    | Reached XP level 8. HP: 70/70 MP: 7/7
  6520 | D:5      | Reached skill level 8 in Maces & Flails
  6677 | D:5      | Found a sacrificial altar of Ru.
  7301 | D:6      | Reached skill level 5 in Armour
  7560 | D:6      | Noticed a troll
  7573 | D:6      | Killed a troll
  7574 | D:6      | Reached skill level 5 in Shields
  7890 | D:6      | Reached skill level 9 in Maces & Flails
  7948 | D:6      | Reached XP level 9. HP: 61/78 MP: 8/8
  8022 | D:6      | Found a staircase to the Ecumenical Temple.
  8028 | D:6      | Noticed a two-headed ogre
  8038 | D:6      | Killed a two-headed ogre
  8053 | Temple   | Entered the Ecumenical Temple
  8305 | Temple   | Became a worshipper of the Shining One
  8305 | Temple   | Reached * piety under the Shining One
  8305 | Temple   | Reached ** piety under the Shining One
  8367 | D:6      | Noticed Grinder
  8380 | D:6      | Killed Grinder
  8610 | D:6      | Reached skill level 1 in Invocations
  8625 | D:6      | Reached skill level 10 in Maces & Flails
  9531 | D:8      | Noticed Erica
  9561 | D:8      | Killed Erica
  9562 | D:8      | Reached XP level 10. HP: 15/88 MP: 10/10
  9634 | D:8      | Found a shimmering altar of Xom.
  9644 | D:8      | Found Muganeod's Antique Armour Boutique.
  9929 | D:8      | Reached skill level 11 in Maces & Flails
  9930 | D:8      | Noticed an elephant
  9938 | D:8      | Noticed a two-headed ogre
  9947 | D:8      | Mangled by a two-headed ogre

Illustrated notes

Levels and vault maps discovered:
D:1:      spicycebolla_arrival_xxxplode, layout_loops_corners
D:2:      layout_basic
D:3:      layout_loops_cross, serial_shops, shop,
          nicolae_concentric_dashed_squares_mild, uniq_crazy_yiuf_cottage
D:4:      layout_basic, mainiacjoe_overflow_alcove_2, gammafunk_ghost_necromancy
D:5:      layout_layer_cave, hangedman_ru_absence, cheibrodos_sewer_entry_bend,
          uniq_menkaure
D:6:      layout_cave_pools, minmay_temple_entry_wispy, serial_glass,
          glass_columns_a, glass_columns_a, glass_columns_a, glass_columns_b,
          uniq_grinder
D:7:      layout_rooms
D:8:      layout_loops_corners, nicolae_overflow_hidden_temple,
          david_lair_generic, serial_shops, nicolae_shop_stone, uniq_erica,
          uniq_prince_ribbit1
Temple:   nicolae_temple_x_marks_the_god

Skill      XL: |  1  2  3  4  5  6  7  8  9 10 |
---------------+-------------------------------+-----
Maces & Flails | 4 5 6 7 9 10 11 | 11.0
Armour         | 1 2 3 4 5 6 7 |  7.2
Fighting       | 4 5 6 7 8 |  8.1
Dodging        | 4 5 6 7 |  7.5
Shields        | 1 2 3 5 6 |  6.8
Invocations    | 2 |  2.9
Stealth        | |  1.5

Action                   |  1- 3 |  4- 6 |  7- 9 | 10-12 || total
-------------------------+-------+-------+-------+-------++-------
Melee: Mace              |    99 |   185 |   363 |    45 ||   692
       Headbutt          |    19 |    48 |    70 |    11 ||   148
  Use: Potion            |       |       |     1 |     1 ||     2
       Scroll            |       |       |     9 |     4 ||    13
 Stab: Sleeping          |     3 |       |       |       ||     3
Armor: Ring mail         |    32 |    37 |   128 |       ||   197
       Chain mail        |       |       |    16 |    16 ||    32
Dodge: Dodged            |    72 |    63 |   178 |    15 ||   328
Block: Kite shield       |       |    44 |   192 |    33 ||   269

Table legend: (Time is in decaauts)
 A = Elapsed time spent in this place.
 B = Non-inter-level travel time spent in this place.
 C = Inter-level travel time spent in this place.
 D = Time resting spent in this place.
 E = Time spent auto-exploring this place.
 F = Levels seen in this place.
 G = Mean time per level.
                   A        B        C        D        E       F      G
               +--------+--------+--------+--------+--------+-----+--------+
         Total |  10132 |   9840 |    292 |   1972 |   6146 |  10 | 1013.2 |
       Dungeon |   9396 |   9134 |    262 |   1873 |   5740 |   8 | 1174.5 |
        Temple |    258 |    228 |     30 |      0 |    216 |   1 |  258.0 |
         Sewer |    477 |    477 |      0 |     99 |    190 |   1 |  477.0 |
               +--------+--------+--------+--------+--------+-----+--------+

Top non-repeatable levels by time:
     D:4: 1926 daAuts
     D:1: 1618 daAuts
     D:5: 1441 daAuts
     D:6: 1384 daAuts
     D:3: 1237 daAuts
     D:2: 744 daAuts
     D:7: 612 daAuts
   Sewer: 477 daAuts
     D:8: 431 daAuts
  Temple: 258 daAuts
